Map: Dusk Towers

Players

Miszu

  • Race: Terran Terran
  • League: Master

Reinca - Winner!

  • Race: Terran Terran
  • League: Master

VOD

Have the link to the VOD?

Description

Time

  • Played on: March 29, 2016, 5:56 p.m.
  • Length: 13:56
Show
View Real Time Build Order
Export as new Build Order

Miszu Terran 

Build Orders: 1/1/1, Bio Tank, Banshee Rush 

Get SALT Encoding   

  12  0:00  SCV  
  13  0:13  SCV  
  14  0:18  Supply Depot  
  14  0:25  SCV  
  15  0:33  Refinery  
  15  0:39  SCV  
  16  0:46  Barracks  
  16  0:51  SCV  
  17  1:00  Refinery  
  17  1:03  SCV  
  18  1:15  SCV  
  20  1:34  Factory  
  20  1:35  Orbital Command  
  20  1:39  Reaper  
  20  1:46  Supply Depot  
  20  2:01  SCV  
  21  2:11  Reaper  
  22  2:18  Factory Tech Lab  
  22  2:19  Starport  
  22  2:20  Hellion  
  22  2:22  SCV  
  25  2:25  Supply Depot  
  25  2:34  SCV  
  26  2:42  Hellion  
  26  2:43  Barracks Tech Lab  
  28  2:46  SCV  
  29  2:58  SCV  
  30  3:07  Cloaking Field  
  30  3:08  Banshee  
  30  3:12  SCV  
  34  3:14  Supply Depot  
  34  3:24  SCV  
  34  3:28  Factory Tech Lab  
  34  3:29  Barracks Reactor  
  34  3:36  SCV  
  33  3:48  Command Center  
  33  3:49  SCV  
  33  3:51  Banshee  
  37  4:02  Siege Tank  
  40  4:04  SCV  
  40  4:05  Marine x2  
  43  4:12  Supply Depot  
  43  4:16  SCV  
  44  4:28  SCV  
  45  4:40  SCV  
  46  4:52  SCV  
  47  4:53  Command Center  
  47  5:00  Barracks  
  47  5:01  Orbital Command  
  47  5:03  Barracks  
  47  5:04  Factory Tech Lab  
  47  5:07  SCV  
  47  5:08  Starport Reactor  
  47  5:12  Marine x2  
  50  5:20  SCV  
  51  5:29  Marine  
  51  5:30  Marine  
  51  5:32  SCV  
  54  5:37  Engineering Bay  
  54  5:38  Engineering Bay  
  54  5:44  SCV x2  
  54  5:46  Refinery  
  54  5:47  Refinery, Marine x2  
  55  5:56  SCV x2  
  59  6:01  Supply Depot  
  59  6:03  Terran Infantry Weapons Level 1  
  56  6:06  Terran Infantry Armor Level 1  
  56  6:07  Orbital Command  
  56  6:08  SCV x2  
  59  6:19  Medivac, Siege Tank  
  59  6:20  SCV  
  59  6:22  Medivac  
  59  6:24  SCV  
  65  6:27  Supply Depot  
  65  6:30  Marine x2  
  65  6:32  SCV  
  68  6:34  Marine, Orbital Command  
  68  6:38  Stimpack, Combat Shields  
  69  6:41  Marine  
  69  6:43  SCV  
  71  6:48  Barracks  
  71  6:49  Barracks  
  71  6:52  Marine  
  75  6:54  Siege Tank  
  75  6:56  Medivac  
  75  6:57  SCV  
  78  7:04  Marine x2, SCV x2  
  79  7:09  SCV  
  79  7:10  Marine x2  
  82  7:16  SCV  
  82  7:17  SCV  
  82  7:18  Supply Depot  
  82  7:21  SCV  
  82  7:22  Armory  
  86  7:26  Refinery  
  86  7:28  SCV  
  86  7:29  Siege Tank, SCV  
  92  7:33  SCV  
  91  7:40  Factory, Marine, Refinery, SCV  
  91  7:41  Marine x2, SCV  
  91  7:43  Barracks Reactor x2  
  96  7:46  SCV  
  97  7:52  SCV  
  97  7:53  Medivac x2, SCV  
  97  7:55  Marauder  
  105  8:05  Marine  
  106  8:06  Marine x2  
  106  8:10  SCV  
  109  8:16  Supply Depot  
  109  8:17  Supply Depot  
  109  8:18  Supply Depot  
  109  8:19  Marine, Siege Tank, SCV  
  114  8:21  Marine  
  114  8:22  Marine  
  114  8:23  Marine  
  114  8:25  Factory Tech Lab  
  114  8:26  Sensor Tower  
  117  8:37  Marine x2  
  117  8:38  Medivac  
  126  8:43  Missile Turret  
  126  8:45  Missile Turret  
  126  8:46  Siege Tank  
  126  8:48  Terran Infantry Armor Level 2, Terran Infantry Weapons Level 2  
  126  8:50  Terran Vehicle Weapons Level 1  
  126  8:51  Siege Tank  
  127  8:57  Supply Depot  
  127  8:58  Supply Depot  
  127  8:59  Medivac  
  129  9:03  Missile Turret  
  129  9:05  Missile Turret  
  129  9:08  Marine x3, Missile Turret  
  132  9:10  Medivac  
  132  9:14  Marine x2  
  132  9:15  Marine  
  138  9:26  Command Center  
  138  9:28  Medivac  
  138  9:29  Siege Tank  
  145  9:31  Siege Tank  
  143  9:52  Marine  
  134  9:57  Marine  
  134  9:58  Marine x5  
  107  10:02  Marine  
  108  10:08  Medivac, Siege Tank x2  
  108  10:09  Medivac  
  108  10:10  Marine  
  118  10:15  Marine  
  118  10:16  Marine x5  
  118  10:20  Marine  
  118  10:28  Marine  
  117  10:32  Marine  
  117  10:33  Marine  
  117  10:34  Marine x4  
  124  10:38  Marine, Medivac  
  124  10:39  Medivac  
  124  10:41  Siege Tank x2  
  135  10:46  Marine  
  135  10:50  Marine  
  135  10:51  Marine  
  135  10:52  Marine x4  
  135  10:56  Marine  
  142  10:57  Supply Depot  
  142  11:04  Marine  
  143  11:08  Marine, Medivac  
  143  11:09  Marine x3  
  143  11:10  Marine  
  149  11:13  Marine, Siege Tank  
  149  11:14  Marine  
  154  11:21  Marine  
  154  11:26  Marine  
  154  11:27  Marine x2  
  154  11:28  Marine, Reaper  
  154  11:31  Marine, Siege Tank  
  154  11:32  Marine  
  157  11:39  Marine  
  158  11:44  Marine  
  158  11:45  Marine x2, Siege Tank  
  158  11:46  Marine  
  165  11:49  Marine  
  165  11:50  Marine  
  167  11:57  Marine  
  167  11:59  Marine  
  165  12:16  Marine  
  165  12:17  Marine  
  165  12:18  Medivac x2  
  165  12:22  Barracks  
  171  12:24  Barracks x2  
  171  12:30  Marine x6  
  171  12:31  Siege Tank  
  171  12:36  Marine  
  171  12:37  Marine  
  180  12:39  Sensor Tower  
  132  12:47  Marine  
  132  12:48  Marine x5, Medivac  
  112  12:54  Marine x2  
  106  13:03  Siege Tank  
  106  13:05  Marine  
  109  13:06  Marine x5  
  109  13:11  Marine  
  109  13:12  Marine  
  101  13:20  Marine  
  101  13:22  Marine, Reaper  
  101  13:23  Marine  
  101  13:24  Marine  
  101  13:25  Marine  
  109  13:28  Marine  
  109  13:34  Marine  
  111  13:37  Marine x2  
Show
View Real Time Build Order
Export as new Build Order

Reinca Terran - Winner!

Build Orders: Reaper Expand, Bio Tank 

Get SALT Encoding   

  12  0:00  SCV  
  13  0:13  SCV  
  14  0:17  Supply Depot  
  14  0:25  SCV  
  15  0:39  SCV  
  15  0:41  Barracks  
  16  0:44  Refinery  
  16  0:51  SCV  
  17  1:03  SCV  
  18  1:15  SCV  
  19  1:27  Orbital Command  
  19  1:28  Reaper  
  20  1:42  Command Center  
  20  1:53  Supply Depot, SCV  
  21  2:00  Marine  
  22  2:05  SCV  
  23  2:17  Factory  
  23  2:18  SCV  
  23  2:20  Refinery  
  23  2:22  Marine  
  25  2:30  SCV  
  26  2:40  Marine  
  26  2:42  SCV  
  28  2:53  Orbital Command  
  28  2:54  SCV  
  28  2:58  Marine  
  30  3:00  Hellion  
  30  3:02  Starport  
  30  3:04  Engineering Bay  
  32  3:08  SCV  
  33  3:15  Supply Depot, Marine  
  34  3:23  SCV x2, Factory Tech Lab  
  35  3:36  Barracks Reactor  
  35  3:37  SCV x2  
  35  3:40  Missile Turret  
  37  3:42  Missile Turret x2  
  37  3:46  Viking  
  39  3:51  SCV x2  
  41  3:57  Siege Tank  
  44  4:03  SCV x2  
  46  4:15  SCV x2  
  46  4:16  Viking  
  52  4:19  Supply Depot  
  50  4:28  Command Center  
  50  4:35  SCV  
  49  4:44  SCV  
  49  4:47  SCV  
  49  4:55  Starport Reactor  
  49  4:56  SCV  
  49  4:57  Supply Depot  
  49  4:59  SCV  
  51  5:00  Factory Tech Lab  
  51  5:02  Engineering Bay, Marine, Stimpack  
  51  5:06  Refinery  
  52  5:07  Refinery  
  52  5:09  SCV  
  52  5:11  SCV  
  54  5:20  Marine, Siege Tank  
  58  5:21  SCV  
  58  5:23  SCV  
  59  5:36  Terran Infantry Weapons Level 1, Terran Infantry Armor Level 1  
  59  5:40  SCV x2  
  59  5:44  Starport Reactor  
  59  5:49  Marine  
  60  5:53  SCV x2  
  58  6:05  SCV x2  
  58  6:10  Siege Tank, Marine, Barracks  
  64  6:11  Barracks  
  64  6:16  Orbital Command  
  64  6:17  SCV x2  
  66  6:24  Medivac x2  
  70  6:28  Reaper  
  70  6:29  SCV  
  70  6:30  SCV  
  73  6:32  Supply Depot  
  73  6:33  Supply Depot  
  73  6:43  SCV x2  
  73  6:45  Orbital Command  
  73  6:46  Siege Tank  
  78  6:50  Barracks  
  78  6:51  Barracks  
  78  6:53  Armory  
  78  6:55  SCV x2  
  78  7:01  Supply Depot  
  80  7:04  Marine x3  
  80  7:05  Marine x2  
  80  7:08  Combat Shields  
  83  7:11  SCV x3  
  86  7:16  Medivac x2  
  90  7:23  Siege Tank  
  90  7:24  Supply Depot  
  90  7:29  SCV x3  
  96  7:37  Marine x4  
  96  7:38  Barracks Reactor  
  96  7:39  Barracks Reactor  
  96  7:42  Supply Depot  
  96  7:43  Supply Depot  
  100  7:47  Medivac x2  
  104  7:52  SCV x3  
  104  7:54  Supply Depot  
  104  7:56  Refinery  
  104  7:57  Refinery  
  104  7:58  Marine x3  
  109  8:04  SCV x2  
  109  8:05  SCV  
  113  8:08  Terran Infantry Weapons Level 2  
  113  8:12  Marine x2  
  114  8:16  Marine x2, SCV x2  
  114  8:17  SCV  
  120  8:20  Terran Infantry Armor Level 2  
  120  8:24  Siege Tank  
  123  8:27  Supply Depot  
  123  8:28  SCV  
  123  8:29  Supply Depot  
  126  8:35  Marine x4  
  126  8:36  Marine x2  
  126  8:38  Marine x2  
  126  8:39  Marine  
  133  8:50  Sensor Tower  
  133  8:51  Medivac x2  
  133  8:54  Factory  
  133  8:55  Supply Depot  
  137  8:56  Terran Vehicle Weapons Level 1  
  137  9:01  Marine x5  
  137  9:02  Marine x2  
  144  9:04  Marine  
  144  9:09  Supply Depot  
  145  9:11  Supply Depot  
  145  9:13  Marine  
  145  9:14  Siege Tank  
  149  9:20  Missile Turret  
  149  9:21  Supply Depot  
  149  9:23  Medivac x2  
  153  9:26  Marine x4  
  153  9:27  Marine x4  
  161  9:34  Supply Depot  
  161  9:36  Marine  
  161  9:37  Factory Tech Lab  
  135  10:02  Marine x3  
  135  10:03  Marine x6  
  135  10:06  SCV  
  147  10:07  SCV x2  
  147  10:17  Medivac x2, Siege Tank x2  
  157  10:26  Terran Infantry Weapons Level 3  
  157  10:32  Marine x2  
  157  10:33  Marine x4  
  163  10:36  Marine x3  
  163  10:41  Command Center  
  166  10:43  Terran Infantry Armor Level 3  
  166  10:49  Siege Tank  
  169  10:50  Marine  
  169  10:54  Marine x2  
  169  10:55  Marine x6  
  178  11:00  Refinery  
  178  11:07  Siege Tank  
  178  11:08  Marine  
  182  11:12  Marine x4  
  182  11:13  Marine  
  182  11:14  Barracks  
  182  11:15  Barracks  
  185  11:28  Terran Vehicle Weapons Level 2  
  185  11:32  Marine  
  182  11:33  Marine x3  
  182  11:37  Marine x4  
  182  11:39  Siege Tank x2  
  182  11:45  Marine  
  185  11:50  Supply Depot, Marine x3  
  185  11:51  Supply Depot  
  186  11:54  Marine x3  
  186  11:55  Marine  
  186  11:58  Marine  
  191  12:02  Marine  
  191  12:08  Marine  
  192  12:13  Marine x5  
  196  12:17  Siege Tank  
  199  12:24  Planetary Fortress  
  199  12:30  Barracks Reactor x2  
  199  12:42  Marine x2  
  160  12:45  Marine x3  
  160  12:46  Marine x3  
  160  12:49  Marine  
  134  13:00  Marine x2, Siege Tank x2  
  134  13:03  Viking, Marine x3  
  134  13:04  Viking, Marine x3  
  150  13:07  Marine  
  150  13:12  Marine x3  
  140  13:18  Marine  
  140  13:19  Marine x2  
  137  13:21  Marine x3  
  137  13:25  Marine x4  
  144  13:29  Marine  
  144  13:33  Marine x2  
  147  13:36  Marine x2  
Tags
 
Add a new tag
Caveats
  • Supply blocks, unpowered buildings, or Contaminate may cause inaccurate times.
  • Supply counts are checked every 10 seconds.